 Dungeon Sprint DCSS version 0.29-a0-837-g174bc33265 (webtiles) character file.

Game seed: 10633141878521376471

4323 27snakeeyes612 the Brawler (level 10, 0/172 HPs)
             Began as a Troll Berserker on July 13, 2022.
             Was a High Priest of Trog.
             Slain by a demonic crawler (1 damage)
             ... in the Dungeon (Sprint I: "Red Sonja").
             The game lasted 00:01:59 (840 turns).

27snakeeyes612 the Brawler (Troll Berserker)         Turns: 840, Time: 00:01:59

Health: 0/172      AC:  4    Str: 31    XL:     10   Next: 11%
Magic:  9/9        EV: 12    Int:  3    God:    Trog [*****.]
Gold:   636        SH:  0    Dex:  9    Spells: 9/9 levels left

rFire   . . .      SeeInvis .     - Unarmed
rCold   . . .      Faith    .   (no shield)
rNeg    . . .      Spirit   .   a - +0 animal skin
rPois   .          Reflect  .   (helmet restricted)
rElec   .          Harm     .   (no cloak)
rCorr   .          Rampage  .   (gloves unavailable)
Will    .....      NoTele   +   (boots unavailable)
Stlth   ..........              (no amulet)
HPRegen 1.18/turn               (no ring)
MPRegen 0.11/turn               (no ring)

@: berserking, very quick
A: large, unfitting armour, claws 3, regeneration 1, shaggy fur 1, tough skin 1
a: Renounce Religion, Berserk, Trog's Hand, Brothers in Arms


You were in the Dungeon.
You worshipped Trog.
Trog was extremely pleased with you.
You visited 1 branch You collected 636 gold pieces.

Inventory:

Hand Weapons
 i - a +0 giant club
Armour
 a - a +0 animal skin (worn)
Wands
 h - a wand of mindburst (15)
 j - a wand of digging (4)
 k - a wand of flame (8)
Scrolls
 g - a scroll of blinking
Potions
 b - a potion of curing
 c - a potion of heal wounds
 d - a potion of haste
 e - 2 potions of magic
 f - a potion of berserk rage


   Skills:
 + Level 11.6 Fighting
 + Level 11.0 Dodging
 + Level 0.1 Stealth
 + Level 15.6 Unarmed Combat


You had 9 spell levels left.
You didn't know any spells.
Your spell library was empty.

Dungeon Overview and Level Annotations

Branches:
Dungeon (1/1)

Altars:
Cheibriados
Dithmenos
Elyvilon
Fedhas
Gozag
Hepliaklqana
Kikubaaqudgha
Makhleb
Nemelex Xobeh
Okawaru
Qazlal
Ru
Sif Muna
Trog
Uskayaw
Vehumet
Wu Jian
Xom
Yredelemnul
Zin
The Shining One
Jiyva
Lugonu

Shops:
D *


Innate Abilities, Weirdness & Mutations

You are too large for most types of armour.
You have claws for hands.
Your natural rate of healing is unusually fast.
You are covered in fur. (AC +1)
You have tough skin. (AC +1)


Message History

The demonic crawler barely misses you.
The demonic crawler hits you but does no damage.
You mangle the demonic crawler!!
The demonic crawler is severely wounded.
The demonic crawler hits you!
* * * LOW HITPOINT WARNING * * *
The demonic crawler hits you.
* * * LOW HITPOINT WARNING * * *
The demonic crawler closely misses you.
The demonic crawler shrieks in warning!
You mangle the demonic crawler!!
You kill the demonic crawler!
Trog accepts your kill.
The demonic crawler shrieks in warning!
You have reached level 10!
You eviscerate the demonic crawler!!!
You kill the demonic crawler!
Trog accepts your kill. The demonic crawler hits you!
* * * LOW HITPOINT WARNING * * *
The demonic crawler hits you!
* * * LOW HITPOINT WARNING * * *
The demonic crawler closely misses you.
The gargoyle hurls a stone arrow at you.
The stone arrow misses you.
Your Dodging skill increases to level 11!
You are too berserk!
You are too berserk!
You claw the demonic crawler! You claw the demonic crawler.
The demonic crawler is moderately wounded.
You scratch the demonic crawler.
The demonic crawler is heavily wounded.
The demonic crawler hits you.
* * * LOW HITPOINT WARNING * * *
The demonic crawler closely misses you. The demonic crawler barely misses you.
You barely miss the demonic crawler.
The demonic crawler is heavily wounded.
The demonic crawler hits you but does no damage.
The demonic crawler hits you.
You die...

#################
#..'..#__#..'.).#
').#..'..'..#).†##+#
#####'#__####...@9.#
#...#[####(§#####s.+
#..##(#§≈§§.#.§# '##
##'#_)'≈≈§..'..# .°
.'..._#≈§≈..#§.# .°.
##_.#'##+#####+#
#°°° ###'#.# #.+
○°○# ###)### ###
°.## +...+


You could see a demonic crawler and a gargoyle.

Vanquished Creatures
  2 centaur warriors (D)
  Sonja (D)
  An oklob plant (D)
  3 demonic crawlers (D)
  2 kobold demonologists (D)
  A hornet (D)
  A slime creature (D)
  Sigmund (D)
  A yak (D)
  A floating eye (D)
  An ogre (D)
  A jelly (D)
  Ijyb (D)
17 creatures vanquished.

Notes
Turn   | Place    | Note
-------+----------+-------------------------------------------
     0 | D        | 27snakeeyes612 the Troll Berserker began the quest for the
                  | Orb.
     0 | D        | Reached XP level 1. HP: 22/22 MP: 0/0
     2 | D        | Noticed Ijyb
     6 | D        | Killed Ijyb
     7 | D        | Reached skill level 4 in Unarmed Combat
     7 | D        | Reached XP level 2. HP: 31/31 MP: 1/1
   140 | D        | Noticed an ogre
   144 | D        | Killed an ogre
   145 | D        | Reached skill level 5 in Fighting
   145 | D        | Reached skill level 6 in Unarmed Combat
   145 | D        | Reached XP level 3. HP: 42/42 MP: 2/2
   145 | D        | Reached XP level 4. HP: 50/50 MP: 3/3
   158 | D        | Noticed Sigmund
   162 | D        | Killed Sigmund
   162 | D        | Reached ** piety under Trog
   163 | D        | Reached skill level 8 in Unarmed Combat
   163 | D        | Reached XP level 5. HP: 61/61 MP: 4/4
   163 | D        | Reached XP level 6. HP: 68/68 MP: 5/5
   214 | D        | Found an ornate altar of the Wu Jian Council.
   214 | D        | Found a shimmering blue altar of Sif Muna.
   216 | D        | Found a radiant altar of Vehumet.
   221 | D        | Noticed a centaur warrior
   221 | D        | Noticed a centaur warrior
   230 | D        | Killed a centaur warrior
   231 | D        | Reached skill level 11 in Unarmed Combat
   231 | D        | Reached XP level 7. HP: 62/81 MP: 6/6
   234 | D        | Killed a centaur warrior
   235 | D        | Reached skill level 12 in Unarmed Combat
   235 | D        | Reached XP level 8. HP: 60/92 MP: 7/7
   272 | D        | Found a burning altar of Makhleb.
   272 | D        | Found a viscous altar of Jiyva.
   272 | D        | Found a shimmering altar of Xom.
   272 | D        | Found a corrupted altar of Lugonu.
   272 | D        | Noticed a slime creature
   277 | D        | Killed a slime creature
   277 | D        | Reached *** piety under Trog
   344 | D        | Noticed a hornet
   346 | D        | Killed a hornet
   347 | D        | Reached skill level 10 in Fighting
   396 | D        | Noticed an oklob plant
   403 | D        | Killed an oklob plant
   404 | D        | Reached skill level 13 in Unarmed Combat
   404 | D        | Reached XP level 9. HP: 102/102 MP: 8/8
   557 | D        | Noticed Sonja
   566 | D        | Killed Sonja
   566 | D        | Reached **** piety under Trog
   567 | D        | Reached skill level 10 in Dodging
   567 | D        | Reached skill level 14 in Unarmed Combat
   616 | D        | Found Zuliynn's General Store.
   616 | D        | Found an ancient bone altar of Kikubaaqudgha.
   616 | D        | Found a hazy altar of Hepliaklqana.
   616 | D        | Found a stormy altar of Qazlal.
   616 | D        | Found a hide-covered altar of Uskayaw.
   616 | D        | Found a blossoming altar of Fedhas.
   616 | D        | Found a bloodstained altar of Trog.
   616 | D        | Found an iron altar of Okawaru.
   616 | D        | Found a basalt altar of Yredelemnul.
   616 | D        | Found a glowing golden altar of the Shining One.
   616 | D        | Found a snail-covered altar of Cheibriados.
   616 | D        | Found a sacrificial altar of Ru.
   616 | D        | Found a glowing silver altar of Zin.
   616 | D        | Found a shadowy altar of Dithmenos.
   616 | D        | Found a white marble altar of Elyvilon.
   617 | D        | Found an opulent altar of Gozag.
   623 | D        | Found a sparkling altar of Nemelex Xobeh.
   760 | D        | Noticed a kobold demonologist
   760 | D        | Noticed a kobold demonologist
   765 | D        | Paralysed by a floating eye for 2 turns
   768 | D        | Killed a kobold demonologist
   773 | D        | Killed a kobold demonologist
   775 | D        | Reached ***** piety under Trog
   825 | D        | Noticed a demonic crawler
   825 | D        | Noticed a demonic crawler
   825 | D        | Noticed a demonic crawler
   825 | D        | Noticed a demonic crawler
   828 | D        | Killed a demonic crawler
   829 | D        | Reached skill level 15 in Unarmed Combat
   832 | D        | Noticed a gargoyle
   836 | D        | Killed a demonic crawler
   837 | D        | Reached XP level 10. HP: 23/114 MP: 9/9
   837 | D        | HP: 4/171 [demonic crawler (11)]
   839 | D        | HP: 1/172 [demonic crawler (4)]
   840 | D        | Slain by a demonic crawler

Illustrated notes

Levels and vault maps discovered:
D:        dungeon_sprint_1 [red_sonja_temple_1, red_sonja_temple_small_1]

Skill      XL: |  1  2  3  4  5  6  7  8  9 10 |
---------------+-------------------------------+-----
Fighting       | 3 5 6 8 9 10 11 | 11.6
Dodging        | 3 4 6 8 9 10 11 | 11.0
Unarmed Combat | 4 6 8 11 12 13 15 | 15.6
Stealth        | |  0.1

Action                   |  1- 3 |  4- 6 |  7- 9 | 10-12 || total
-------------------------+-------+-------+-------+-------++-------
Melee: Unarmed           |     6 |     9 |    40 |     4 ||    59
       Punch             |       |     1 |     1 |     1 ||     3
Invok: Berserk           |     1 |     2 |     6 |       ||     9
Armor: Animal skin       |       |     2 |     6 |     1 ||     9
Dodge: Dodged            |     1 |     3 |    12 |     4 ||    20

Table legend: (Time is in decaauts)
 A = Elapsed time spent in this place.
 B = Non-inter-level travel time spent in this place.
 C = Inter-level travel time spent in this place.
 D = Time resting spent in this place.
 E = Time spent auto-exploring this place.
 F = Levels seen in this place.
 G = Mean time per level.
                   A        B        C        D        E       F      G
               +--------+--------+--------+--------+--------+-----+--------+
         Total |    914 |    914 |      0 |    663 |      0 |   1 |  914.0 |
       Dungeon |    914 |    914 |      0 |    663 |      0 |   1 |  914.0 |
               +--------+--------+--------+--------+--------+-----+--------+

Top non-repeatable levels by time:
       D: 914 daAuts
